[Event "fics rated crazyhouse match"]
[Site "fics, Oklahoma City, OK USA"]
[Date "2000.09.24"]
[White "Quartr"]
[WhiteElo "2205"]
[Black "Igy"]
[BlackElo "2306"]
[TimeControl "60+0"]
[Result "0-1"]

1. e4 Nf6 2. Nc3 Nc6 3. d4 e5 4. dxe5 Nxe5 5. P@f4 Ng6 6. e5 
Bb4 7. exf6 Qxf6 8. N@e4 Qe7 9. Qe2 O-O 10. f5 Ne5 11. Nf3 Nxf3+ 
12. gxf3 f6 13. Rg1 d5 14. N@h6+ Kh8 15. Ng3 P@e4 16. fxe4 dxe4 17. Nxe4 
P@d5 18. P@e6 dxe4 19. Nf7+ Rxf7 20. exf7 N@f3+ 21. Kd1 Bxf5 22. Rg3 Qxf7 
23. Rxf3 exf3 24. Qxf3 Bxc3 25. bxc3 Bxc2+ 26. Kxc2 N@e1+ 27. Kb1 Nxf3 28. B@d3 
N@e5 29. B@c2 Nxd3 30. Bfxd3 B@d1 31. N@g5 P@e4 32. Nxf7+ Kg8 33. Q@h8+ Kxf7 
34. N@d6+ Ke6 35. P@f5+ Kxd6 36. R@e7 Kc6 37. P@c5 N@a3+ 38. Kb2 Nd2 39. Kxa3 
Kxc5 
{Quartr forfeits on time} 0-1

[Event "fics rated crazyhouse match"]
[Site "fics, Oklahoma City, OK USA"]
[Date "2000.09.24"]
[White "Igy"]
[WhiteElo "2312"]
[Black "Quartr"]
[BlackElo "2199"]
[TimeControl "60+0"]
[Result "0-1"]

1. e4 e6 2. Nc3 d5 3. exd5 exd5 4. Bb5+ Bd7 5. Qe2+ Be7 6. d4 
Nf6 7. Bxd7+ Nbxd7 8. P@e5 B@b4 9. exf6 Nxf6 10. B@h4 P@e4 11. N@e5 O-O 
12. a3 Bxc3+ 13. bxc3 P@d6 14. Ng4 Nxg4 15. Qxg4 Bxh4 16. N@h6+ Kh8 17. Nf5 
B@g6 18. Nxh4 N@f6 19. Nxg6+ fxg6 20. Qd1 N@h4 21. B@h3 Nh5 22. B@e2 Nxg2+ 
23. Bxg2 P@f3 24. Nxf3 exf3 25. Bexf3 Qe7+ 26. P@e5 N@h4 27. Bxh5 gxh5 28. Qxh5 
Nxg2+ 29. Kf1 B@g6 30. Qh3 B@c4+ 31. Kxg2 N@f4+ 32. Bxf4 Rxf4 33. P@g3 B@g4 
34. Qh4 Qxh4 35. gxh4 Q@f3+ 36. Kg1 Qxf2# 
{Igy checkmated} 0-1

[Event "fics rated crazyhouse match"]
[Site "fics, Oklahoma City, OK USA"]
[Date "2000.09.24"]
[White "Quartr"]
[WhiteElo "2210"]
[Black "Igy"]
[BlackElo "2302"]
[TimeControl "60+0"]
[Result "0-1"]

1. e4 Nf6 2. Nc3 Nc6 3. d4 e5 4. d5 Nd4 5. Bc4 Bc5 6. Nge2 
d6 7. Ng3 O-O 8. Be3 Ng4 9. Bxd4 exd4 10. Nf5 Bxf5 11. exf5 Nxf2 
12. Qe2 dxc3 13. bxc3 Nxh1 14. P@e7 P@f2+ 15. Kd2 B@g5+ 16. B@e3 Bcxe3+ 17. Qxe3 
Bxe3+ 18. Kxe3 Qxe7+ 19. B@e6 R@e1+ 20. B@e2 Rxa1 21. N@g4 B@c1+ 22. Kf3 Q@f4# 
{Quartr checkmated} 0-1

[Event "fics rated crazyhouse match"]
[Site "fics, Oklahoma City, OK USA"]
[Date "2000.09.24"]
[White "LSS"]
[WhiteElo "2358"]
[Black "Sjeng"]
[BlackElo "2333"]
[TimeControl "300+0"]
[Result "1-0"]

1. e4 e6 2. d4 Nc6 3. c3 Nf6 4. Bd3 d6 5. Nf3 h6 6. O-O 
Be7 7. Be3 Bd7 8. Nbd2 Ng4 9. Qe2 a5 10. h3 Nxe3 11. fxe3 h5 
12. e5 dxe5 13. Nxe5 Nxe5 14. dxe5 N@g3 15. Qf3 Nxf1 16. Rxf1 R@f8 17. P@g6 
B@g8 18. gxf7+ Bxf7 19. P@g6 Bg8 20. N@f7 Qb8 21. Nxh8 Rxf3 22. Rxf3 Q@d5 
23. R@d4 Qxa2 24. N@h7 Bxh7 25. gxh7 P@f2+ 26. Rxf2 P@h2+ 27. Kxh2 P@g3+ 28. Kxg3 
h4+ 29. Kh2 Kd8 30. Ng6 N@d6 31. h8=Q# 
{Sjeng forfeits on time} 1-0

[Event "fics rated crazyhouse match"]
[Site "fics, Oklahoma City, OK USA"]
[Date "2000.09.24"]
[White "Igy"]
[WhiteElo "2308"]
[Black "Quartr"]
[BlackElo "2204"]
[TimeControl "60+0"]
[Result "0-1"]

1. e4 e6 2. d4 d5 3. e5 Ne7 4. Nh3 Nf5 5. Be2 Nc6 6. Be3 
Be7 7. O-O f6 8. exf6 Bxf6 9. c3 Nh4 10. Nd2 O-O 11. Nf3 P@g4 
12. Nxh4 gxh3 13. gxh3 Bxh4 14. P@g3 N@g5 15. P@g2 Bxg3 16. fxg3 e5 17. Rxf8+ 
Kxf8 18. dxe5 Bxh3 19. Bxg5 Qxg5 20. gxh3 B@e3+ 21. P@f2 Bxf2+ 22. Kg2 N@e3+ 
23. Kxf2 Nxd1+ 24. Rxd1 P@e3+ 25. Kg1 Q@f2+ 26. Kh1 P@g2# 
{Igy checkmated} 0-1

[Event "fics rated crazyhouse match"]
[Site "fics, Oklahoma City, OK USA"]
[Date "2000.09.24"]
[White "Quartr"]
[WhiteElo "2214"]
[Black "Igy"]
[BlackElo "2298"]
[TimeControl "60+0"]
[Result "1-0"]

1. e4 Nf6 2. Nc3 Nc6 3. d4 e5 4. dxe5 Nxe5 5. Nf3 Bb4 6. Nxe5 
Qe7 7. P@f4 d6 8. Nxf7 Nxe4 9. Qe2 Nxc3 10. Qxe7+ Kxe7 11. bxc3 Bxc3+ 
12. P@d2 Bxa1 13. Nxh8 Q@e6+ 14. R@e3 P@e5 15. N@g5 P@b2 16. Bxb2 R@b1+ 17. N@d1 
Rxd1+ 18. Kxd1 Bxb2 19. Q@f8+ Kxf8 20. Nxe6+ Bxe6 21. P@e7+ Kxe7 22. R@b1 P@c3 
23. Q@g5+ B@f6 24. Qxf6+ gxf6 25. fxe5 cxd2 26. exf6+ Kd7 27. B@h4 Q@c1+ 28. Ke2 
Qe1+ 29. Rxe1 
{Igy forfeits on time} 1-0

[Event "fics rated crazyhouse match"]
[Site "fics, Oklahoma City, OK USA"]
[Date "2000.09.24"]
[White "LSS"]
[WhiteElo "2365"]
[Black "Sjeng"]
[BlackElo "2325"]
[TimeControl "180+0"]
[Result "1-0"]

1. e4 e6 2. d4 d5 3. e5 c5 4. dxc5 Bxc5 5. P@d4 Be7 6. Nh3 
P@c7 7. Qg4 Bf8 8. Bd3 Nc6 9. c3 h5 10. Qg3 h4 11. Qg4 Nh6 
12. Bxh6 Rxh6 13. N@h5 Rxh5 14. Qxh5 N@c1 15. Bc2 B@e4 16. Bxe4 dxe4 17. O-O 
Nd3 18. B@g5 B@e7 19. Bxe7 Bxe7 20. R@h8+ B@f8 21. Nd2 Nxb2 22. Nxe4 Nxd4 
23. P@f6 gxf6 24. exf6 Bxf6 25. Nxf6+ Qxf6 26. cxd4 N@d7 27. B@e5 Qe7 28. P@g7 
P@g3 29. hxg3 P@h2+ 30. Kxh2 hxg3+ 31. fxg3 P@g6 32. gxf8=Q# 
{Sjeng forfeits on time} 1-0

[Event "fics rated crazyhouse match"]
[Site "fics, Oklahoma City, OK USA"]
[Date "2000.09.24"]
[White "Igy"]
[WhiteElo "2288"]
[Black "Quartr"]
[BlackElo "2224"]
[TimeControl "60+0"]
[Result "1-0"]

1. e4 e6 2. Nc3 d5 3. exd5 exd5 4. d4 Be7 5. Nf3 Nf6 6. Bb5+ 
P@c6 7. Bd3 Bg4 8. O-O Bxf3 9. Qxf3 N@e4 10. Nxe4 dxe4 11. Bxe4 Nxe4 
12. Qxe4 B@d5 13. Qe2 Nd7 14. P@f3 Nf6 15. P@e4 Be6 16. B@f5 O-O 17. N@g5 
Bc8 18. Bxc8 Rxc8 19. Nxf7 Rxf7 20. B@e6 B@e8 21. N@g5 N@h8 22. f4 N@f8 
23. f5 Nxe6 24. fxe6 B@h6 25. exf7+ Nxf7 26. Ne6 Qd7 27. Bxh6 Qxe6 28. B@f5 
Qd6 29. Bxg7 Kxg7 30. P@e5 Nxe5 31. dxe5 Qxe5 32. N@e6+ Kg8 33. P@g7 B@g5 
34. R@h8+ Kf7 35. Nxg5+ Kxg7 36. Rxh7+ Kf8 37. N@e6+ Kg8 38. Rg7+ Kh8 39. Rxe7 
Bg6 40. B@g7+ Kg8 41. Bxg6 Qxg5 42. P@f7# 
{Quartr checkmated} 1-0

[Event "fics rated crazyhouse match"]
[Site "fics, Oklahoma City, OK USA"]
[Date "2000.09.24"]
[White "Quartr"]
[WhiteElo "2217"]
[Black "Igy"]
[BlackElo "2295"]
[TimeControl "60+0"]
[Result "1-0"]

1. e4 Nf6 2. Nc3 Nc6 3. d4 e5 4. d5 Nd4 5. Bc4 Bc5 6. Nge2 
d6 7. Be3 O-O 8. Nxd4 exd4 9. Bxd4 Bxd4 10. Qxd4 B@e5 11. Qd3 Bxc3+ 
12. bxc3 N@c5 13. Qe2 Nfxe4 14. P@e6 P@d2+ 15. Kf1 Nxc3 16. exf7+ Rxf7 17. B@e6 
Nxe2 18. Bxf7+ Kh8 19. Bxe2 Q@c1+ 20. R@d1 P@h3 21. B@f3 P@e4 22. B7h5 N@g5 
23. P@e6 exf3 24. Bhxf3 Qxc2 25. P@f7 Bxe6 26. dxe6 P@d3 27. N@e8 dxe2+ 28. Bxe2 
hxg2+ 29. Kxg2 B@h3+ 30. Kg1 Qxe8 31. fxe8=Q+ Rxe8 32. B@f3 P@g2 33. N@f7+ Nxf7 
34. exf7 Qxd1+ 35. Rxd1 R@f1+ 36. Bxf1 gxf1=Q+ 37. Rxf1 
{Igy forfeits on time} 1-0

[Event "fics rated crazyhouse match"]
[Site "fics, Oklahoma City, OK USA"]
[Date "2000.09.24"]
[White "Igy"]
[WhiteElo "2285"]
[Black "Quartr"]
[BlackElo "2227"]
[TimeControl "60+0"]
[Result "1-0"]

1. e4 e6 2. Nc3 d5 3. exd5 exd5 4. Bb5+ Nc6 5. Qe2+ Be7 6. Nf3 
Bg4 7. d4 P@e4 8. Rg1 exf3 9. gxf3 N@c4 10. fxg4 Nf6 11. g5 a6 
12. gxf6 axb5 13. fxg7 Nxd4 14. N@f6# 
{Quartr checkmated} 1-0

[Event "fics rated crazyhouse match"]
[Site "fics, Oklahoma City, OK USA"]
[Date "2000.09.24"]
[White "Quartr"]
[WhiteElo "2220"]
[Black "Igy"]
[BlackElo "2292"]
[TimeControl "60+0"]
[Result "0-1"]

1. e4 Nf6 2. Nc3 Nc6 3. d4 e5 4. d5 Nd4 5. Bd3 Bc5 6. Nce2 
O-O 7. c3 Nxe2 8. Nxe2 Bxf2+ 9. Kxf2 Ng4+ 10. Kg1 P@f2+ 11. Kf1 N@e3+ 
12. Bxe3 Nxe3+ 13. Kxf2 Nxd1+ 14. Rhxd1 Qh4+ 15. B@g3 Qf6+ 16. P@f5 d6 17. N@g4 
Qg5 18. h3 B@b6+ 19. Kf1 h5 20. N@f3 Qd8 21. Ngh2 h4 22. Bxh4 Qxh4 
23. P@h7+ Kxh7 24. N@g5+ Kg8 25. Ng4 Q@f2+ 26. Nxf2 Qxf2# 
{Quartr checkmated} 0-1

[Event "fics rated crazyhouse match"]
[Site "fics, Oklahoma City, OK USA"]
[Date "2000.09.24"]
[White "Igy"]
[WhiteElo "2298"]
[Black "Quartr"]
[BlackElo "2214"]
[TimeControl "60+0"]
[Result "1-0"]

1. e3 e6 2. b3 d5 3. Bb2 Qf6 4. Nf3 Qxb2 5. Nc3 B@b4 6. Rb1 
Bxc3 7. Rxb2 Bxb2 8. Bb5+ Nc6 9. O-O Bf6 10. d4 N@e4 11. Ne5 B8e7 
12. Nxc6 bxc6 13. Bxc6+ N@d7 14. Bxa8 Nh6 15. P@b7 O-O 16. bxc8=Q Rxc8 17. Bc6 
Rd8 18. Bxd7 Rxd7 19. Q@c8+ R@d8 20. Qa6 Nf5 21. B@f3 Nc3 22. Qe1 B@b4 
23. a3 Rd6 24. axb4 Rxa6 25. Qxc3 Nh4 26. Bg4 P@f5 27. Bh5 Q@g5 28. N@g3 
f4 29. exf4 Qxf4 30. B@e3 Qd6 31. P@e5 Bxe5 32. dxe5 Qd7 33. B@f6 gxf6 
34. exf6 B@f8 35. N@h6+ Bxh6 36. Bxh6 N@e2+ 37. Kh1 Nxc3 38. P@g7 
{Quartr forfeits on time} 1-0

[Event "fics rated crazyhouse match"]
[Site "fics, Oklahoma City, OK USA"]
[Date "2000.09.24"]
[White "Quartr"]
[WhiteElo "2208"]
[Black "Igy"]
[BlackElo "2304"]
[TimeControl "60+0"]
[Result "0-1"]

1. e4 e6 2. Nc3 Nc6 3. d4 Bb4 4. d5 exd5 5. exd5 Qe7+ 6. Be2 
Ne5 7. P@f4 Nc4 8. Nf3 Bxc3+ 9. bxc3 P@b2 10. B@e3 Nxe3 11. Bxe3 bxa1=Q 
12. Qxa1 N@g4 13. N@f5 Nxe3 14. Nxg7+ Kd8 15. fxe3 Qxe3 16. Nf5 P@f2+ 17. Kd1 
B@b2 18. Nxe3 Bxa1 19. Q@h4+ B@f6 20. Qxf2 Baxc3 21. P@d2 Bb2 22. N@d3 P@c4 
23. Ke1 cxd3 24. cxd3 N@c2+ 25. Nxc2 Bbd4 26. P@e7+ Nxe7 27. Nfxd4 P@g7 28. P@e6 
R@b1+ 29. B@d1 Bxd4 30. Nxd4 N@b2 31. exf7 Nxd1 32. Bxd1 Rxd1+ 33. Kxd1 B@a4+ 
34. Ke2 B@h5+ 35. Qf3 Bxf7 36. Ke3 Ke8 
{Quartr forfeits on time} 0-1

[Event "fics rated crazyhouse match"]
[Site "fics, Oklahoma City, OK USA"]
[Date "2000.09.24"]
[White "Igy"]
[WhiteElo "2322"]
[Black "ACC"]
[BlackElo "2237"]
[TimeControl "60+0"]
[Result "1-0"]

1. e4 e6 2. Nc3 d5 3. exd5 exd5 4. Bb5+ Bd7 5. Qe2+ P@e6 6. d4 
Bxb5 7. Nxb5 B@a6 8. B@d3 Nc6 9. Nf3 Nf6 10. O-O Be7 11. Bf4 O-O 
12. Nxc7 Bxd3 13. cxd3 B@d6 14. Bxd6 Bxd6 15. Nxa8 Qxa8 16. P@e5 Nxe5 17. dxe5 
N@f4 18. Qd2 Nxg2 19. exf6 gxf6 20. N@h6+ Kh8 21. P@g7+ Kxg7 22. N@h5+ Kg6 
23. R@g7+ Kxh5 24. B@g4# 
{ACC checkmated} 1-0

[Event "fics rated crazyhouse match"]
[Site "fics, Oklahoma City, OK USA"]
[Date "2000.09.24"]
[White "ACC"]
[WhiteElo "2231"]
[Black "Igy"]
[BlackElo "2328"]
[TimeControl "60+0"]
[Result "1-0"]

1. Nf3 e6 2. d4 Nc6 3. Nc3 Nf6 4. Bg5 Be7 5. Bxf6 Bxf6 6. e4 
d6 7. Bb5 Bd7 8. Bxc6 Bxc6 9. e5 dxe5 10. dxe5 Bxf3 11. Qxf3 Bxe5 
12. B@a4+ P@c6 13. Rd1 P@d5 14. Nxd5 exd5 15. Rxd5 Qe7 16. P@d7+ Kf8 17. Rxe5 
Qxe5+ 18. B@e4 R@a1+ 19. N@d1 B@a5+ 20. P@c3 B@h6 21. O-O N@g5 22. Qd3 Nxe4 
23. N@f3 Qe7 24. Re1 B@f5 25. P@g4 Rxd1 26. Qxd1 Nxf2 27. Rxe7 Nxd1 28. R@e8+ 
Rxe8 29. dxe8=Q# 
{Igy checkmated} 1-0

[Event "fics rated crazyhouse match"]
[Site "fics, Oklahoma City, OK USA"]
[Date "2000.09.24"]
[White "Igy"]
[WhiteElo "2318"]
[Black "ACC"]
[BlackElo "2241"]
[TimeControl "60+0"]
[Result "1-0"]

1. e4 e6 2. Nc3 d5 3. exd5 exd5 4. Bb5+ P@c6 5. Be2 Nf6 6. d4 
Be7 7. Nf3 O-O 8. O-O Bg4 9. h3 Bxf3 10. Bxf3 Nbd7 11. P@h6 gxh6 
12. Bxh6 Re8 13. P@g7 N@f5 14. B@g5 Nxh6 15. Bxh6 P@g6 16. Re1 B@e6 17. N@g5 
Nh5 18. Rxe6 Bxg5 19. Rxe8+ Qxe8 20. R@h8# 
{ACC checkmated} 1-0

[Event "fics rated crazyhouse match"]
[Site "fics, Oklahoma City, OK USA"]
[Date "2000.09.24"]
[White "ACC"]
[WhiteElo "2235"]
[Black "Igy"]
[BlackElo "2324"]
[TimeControl "60+0"]
[Result "1-0"]

1. Nf3 e6 2. d4 Nc6 3. Nc3 Nf6 4. Bg5 Bb4 5. e4 Nxe4 6. Bxd8 
Nxc3 7. bxc3 Bxc3+ 8. N@d2 Kxd8 9. Rb1 B@f6 10. Bb5 Bcxd4 11. Bxc6 bxc6 
12. O-O Bb6 13. Ne4 B@e7 14. N@h5 Rg8 15. Rxb6 axb6 16. Nexf6 gxf6 17. B@g7 
R@g6 18. B@g3 P@d6 19. Bxf6 Bxf6 20. Nxf6 Rxf6 21. B@g5 B@e7 22. Bxf6 Bxf6 
23. P@g5 Be7 24. R@h6 P@g4 25. Rxh7 gxf3 26. Qxf3 N@d4 27. Qxf7 B@f8 28. Q@e8# 
{Igy checkmated} 1-0

[Event "fics rated crazyhouse match"]
[Site "fics, Oklahoma City, OK USA"]
[Date "2000.09.24"]
[White "Igy"]
[WhiteElo "2314"]
[Black "ACC"]
[BlackElo "2245"]
[TimeControl "60+0"]
[Result "0-1"]

1. e4 e6 2. d4 Nf6 3. Nc3 Be7 4. Bd3 d5 5. Nf3 dxe4 6. Nxe4 
Nxe4 7. Bxe4 P@f5 8. Bd3 Nc6 9. O-O N@h4 10. Nxh4 Bxh4 11. N@h5 Rg8 
12. P@h6 gxh6 13. N@g7+ Kd7 14. Bxh6 P@e7 15. d5 exd5 16. Bxf5+ e6 17. Qxd5+ 
Ke7 18. Qxd8+ Nxd8 19. P@g5 N@e2+ 20. Kh1 P@h3 21. P@f6+ Kd7 22. Rad1+ Kc6 
23. Be4+ Kb6 24. Q@b4+ Q@b5 25. P@a5+ Ka6 26. Bd3 hxg2+ 27. Kxg2 Nf4# 
{Igy forfeits on time} 0-1

[Event "fics rated crazyhouse match"]
[Site "fics, Oklahoma City, OK USA"]
[Date "2000.09.24"]
[White "ACC"]
[WhiteElo "2255"]
[Black "Igy"]
[BlackElo "2304"]
[TimeControl "60+0"]
[Result "0-1"]

1. Nf3 Nf6 2. d4 Nc6 3. Nc3 e6 4. Bg5 Bb4 5. Bd2 d5 6. a3 
Bd6 7. e3 O-O 8. Bb5 Bd7 9. Bxc6 Bxc6 10. N@e5 Be8 11. O-O Ne4 
12. Nxe4 dxe4 13. Ne1 f6 14. Nc4 f5 15. Nxd6 cxd6 16. f4 B@g4 17. B@e2 
Bxe2 18. Qxe2 B@g4 19. B@f3 exf3 20. gxf3 N@h3+ 21. Kh1 B@b5 22. P@d3 Bxf3+ 
23. Nxf3 P@g4 24. Ne1 Bbc6+ 25. B@g2 Bxg2+ 26. Nxg2 Bc6 27. e4 B@f3 28. Rxf3 
gxf3 29. Qxf3 fxe4 30. dxe4 Bxe4 31. Qxh3 N@f2+ 32. Kg1 Nxh3+ 33. Kh1 R@g1+ 
34. Rxg1 Nf2# 
{ACC checkmated} 0-1

[Event "fics rated crazyhouse match"]
[Site "fics, Oklahoma City, OK USA"]
[Date "2000.09.24"]
[White "Igy"]
[WhiteElo "2311"]
[Black "ACC"]
[BlackElo "2248"]
[TimeControl "60+0"]
[Result "1-0"]

1. e4 e6 2. Nc3 Nf6 3. d4 Be7 4. Nf3 Nc6 5. Bd3 O-O 6. O-O 
d5 7. e5 Ne8 8. Re1 f5 9. exf6 Nxf6 10. P@g5 Ng4 11. g6 P@e4 
12. gxh7+ Kh8 13. Ng5 Nh6 14. Bb5 Nb8 15. Qh5 Rf6 16. Ngxe4 dxe4 17. Bxh6 
gxh6 18. N@f7+ Rxf7 19. Qxf7 N@f6 20. P@g7+ Kxh7 21. g8=Q# 
{ACC checkmated} 1-0

[Event "fics rated crazyhouse match"]
[Site "fics, Oklahoma City, OK USA"]
[Date "2000.09.24"]
[White "ACC"]
[WhiteElo "2241"]
[Black "Igy"]
[BlackElo "2318"]
[TimeControl "60+0"]
[Result "0-1"]

1. Nf3 Nc6 2. d4 Nf6 3. Nc3 e6 4. a3 d6 5. Bg5 Be7 6. e4 
O-O 7. Bxf6 Bxf6 8. Bb5 e5 9. N@h5 Nxd4 10. Nxf6+ Qxf6 11. Nd5 Nxf3+ 
12. gxf3 N@g2+ 13. Kd2 Qh6+ 14. B@e3 P@f4 15. N@g4 fxe3+ 16. fxe3 Bxg4 17. fxg4 
B@e6 18. P@g5 Qxg5 19. h4 Qxg4 20. Qxg4 Bxg4 21. Ne7+ Kh8 22. B@e2 Q@f2 
23. Rhe1 Qxe3+ 24. Kd1 N@f2# 
{ACC checkmated} 0-1

[Event "fics rated crazyhouse match"]
[Site "fics, Oklahoma City, OK USA"]
[Date "2000.09.24"]
[White "Igy"]
[WhiteElo "2324"]
[Black "ACC"]
[BlackElo "2235"]
[TimeControl "60+0"]
[Result "1-0"]

1. e4 d6 2. Nc3 Nf6 3. d4 e6 4. Nf3 Be7 5. Bd3 O-O 6. O-O 
Nc6 7. e5 dxe5 8. dxe5 Nd5 9. Nxd5 exd5 10. N@h5 f5 11. exf6 Bxf6 
12. P@g6 hxg6 13. Bxg6 P@h7 14. P@f7+ Kh8 15. Nxf6 Qxf6 16. Bxh7 Kxh7 17. P@g5 
Qxf7 18. P@f6 P@e4 19. fxg7 Qxg7 20. P@h6 exf3 21. hxg7 N@f5 22. gxf8=Q N@e2+ 
23. Qxe2 fxe2 24. R@h6+ Nxh6 25. Qxh6+ Kg8 26. Q@g7# 
{ACC checkmated} 1-0

[Event "fics rated crazyhouse match"]
[Site "fics, Oklahoma City, OK USA"]
[Date "2000.09.24"]
[White "ACC"]
[WhiteElo "2229"]
[Black "Igy"]
[BlackElo "2330"]
[TimeControl "60+0"]
[Result "0-1"]

1. Nf3 Nf6 2. d4 Nc6 3. Nc3 e6 4. Bg5 Bb4 5. a3 Bxc3+ 6. bxc3 
d5 7. e3 N@e4 8. Bxf6 gxf6 9. N@g7+ Kf8 10. B@h6 Ke7 11. Bb5 Nxc3 
12. Qd3 Nxb5 13. Qxb5 B@c4 14. Qb2 B@a5+ 15. N@b4 Rg8 16. O-O-O Bxb4 17. axb4 
N@a4 18. Qa3 b5 19. B@h4 a5 20. bxa5+ P@b4 21. Bxf6+ Kxf6 22. Nh5+ Ke7 
23. P@f6+ Kd7 24. Ne5+ Nxe5 25. Qxa4 bxa4 26. N@c5+ Kc6 27. dxe5 B@b2+ 28. Kd2 
Q@c3# 
{ACC checkmated} 0-1

[Event "fics rated crazyhouse match"]
[Site "fics, Oklahoma City, OK USA"]
[Date "2000.09.24"]
[White "Igy"]
[WhiteElo "2336"]
[Black "ACC"]
[BlackElo "2223"]
[TimeControl "60+0"]
[Result "1-0"]

1. e4 e6 2. Nc3 Nf6 3. d4 Be7 4. Bd3 d5 5. e5 Nfd7 6. Nf3 
f5 7. exf6 Bxf6 8. O-O P@e4 9. Nxe4 dxe4 10. Bxe4 N@d6 11. Bd3 Be7 
12. P@e5 Nf7 13. P@g5 Bxg5 14. Nxg5 Nxg5 15. Qh5+ P@g6 16. Qxg5 Qxg5 17. Bxg5 
Nc6 18. B@b5 Q@f7 19. Bxc6 O-O 20. Bce4 N@f5 21. P@f6 gxf6 22. exf6 Nxf6 
23. Bxf6 Qxf6 24. P@e5 Qg5 25. N@f6+ Rxf6 26. exf6 Qxf6 27. Bxf5 gxf5 28. N@h5 
Qg5 29. R@g7+ Qxg7 30. Nxg7 R@g6 31. Q@e8+ B@f8 32. Q@f7+ Kh8 33. Qexf8+ B@g8 
34. Q8xg8# 
{ACC checkmated} 1-0

[Event "fics rated crazyhouse match"]
[Site "fics, Oklahoma City, OK USA"]
[Date "2000.09.24"]
[White "ACC"]
[WhiteElo "2218"]
[Black "Igy"]
[BlackElo "2342"]
[TimeControl "60+0"]
[Result "0-1"]

1. Nf3 Nf6 2. d4 Nc6 3. a3 e6 4. Nc3 d5 5. Bg5 Be7 6. Bxf6 
Bxf6 7. e4 B@h5 8. exd5 exd5 9. Bb5 P@e4 10. Bxc6+ bxc6 11. O-O exf3 
12. Re1+ B@e2 13. Rxe2+ fxe2 14. Nxe2 O-O 15. P@f3 N@h4 16. Ng3 Bxf3 17. gxf3 
P@g2 18. P@g4 Qd6 19. B@e5 Bxe5 20. dxe5 Qxe5 21. B@h1 Qxg3 22. fxg3 N@h3# 
{ACC checkmated} 0-1

[Event "fics rated crazyhouse match"]
[Site "fics, Oklahoma City, OK USA"]
[Date "2000.09.24"]
[White "Igy"]
[WhiteElo "2347"]
[Black "ACC"]
[BlackElo "2213"]
[TimeControl "60+0"]
[Result "1-0"]

1. e4 e6 2. Nc3 d5 3. exd5 exd5 4. Bb5+ P@c6 5. Be2 Nf6 6. d4 
Be7 7. Nf3 O-O 8. O-O Bg4 9. Ne5 Bxe2 10. Qxe2 B@h5 11. f3 Nbd7 
12. P@h6 Nxe5 13. dxe5 gxh6 14. Bxh6 Re8 15. P@g7 N@f5 16. exf6 Nxh6 17. B@g5 
Bxf6 18. Qxe8+ Qxe8 19. Bxf6 B@e3+ 20. B@f2 Bxf2+ 21. Rxf2 Q@e1+ 22. Rxe1 Qxe1+ 
23. R@f1 Qxf2+ 24. Rxf2 R@c1+ 25. B@f1 Rxf1+ 26. Rxf1 B@e3+ 27. N@f2 Bxf2+ 28. Rxf2 
R@c1+ 29. B@f1 Rxf1+ 30. Rxf1 B@d4+ 31. N@f2 Bxf6 32. Q@h8# 
{ACC checkmated} 1-0

[Event "fics rated crazyhouse match"]
[Site "fics, Oklahoma City, OK USA"]
[Date "2000.09.24"]
[White "ACC"]
[WhiteElo "2208"]
[Black "Igy"]
[BlackElo "2352"]
[TimeControl "60+0"]
[Result "0-1"]

1. Nf3 e6 2. d4 Nc6 3. Nc3 Nf6 4. a3 d5 5. e4 dxe4 6. Ng5 
Nxd4 7. Be3 Bc5 8. Ngxe4 Nxe4 9. Nxe4 Nxc2+ 10. Qxc2 Bxe3 11. fxe3 B@d5 
12. B@a4+ P@c6 13. Nc3 O-O 14. P@f2 P@f6 15. N@h5 P@g6 16. Nf4 N@e5 17. Nfxd5 
exd5 18. B@d3 N@c5 19. N@f4 Nexd3+ 20. Bxd3 Nxd3+ 21. Nxd3 B@e4 22. N@c1 Bxg2 
23. Rg1 P@h3 24. N@f4 Bf3 25. N1e2 B@e5 26. Nxe5 fxe5 27. Nxh3 Bxe2 28. Qxe2 
Bxh3 29. B@f3 e4 30. Bh1 N@d3+ 31. Kd1 N@c4 32. B@c1 Ncxb2+ 33. Bxb2 Nxb2+ 
34. Qxb2 P@d3 35. N@f4 N@c4 36. Qa2 d2 37. P@e2 B@d3 38. Nxg6 Bxe2+ 39. Nxe2 
hxg6 40. N@e7+ Qxe7 41. P@h7+ Kxh7 42. B@d3 exd3 43. Rxg6 dxe2+ 44. Kxe2 B@f1+ 
45. Kd1 P@e2+ 46. Kc2 d1=Q+ 47. Rxd1 exd1=Q+ 48. Kxd1 R@e2 49. Qxe2 Bxe2+ 50. Kxe2 
Bf1+ 51. Kf3 N@d2+ 52. Kg3 Q@e4 53. Rxg7+ Kxg7 
{ACC forfeits on time} 0-1

[Event "fics rated crazyhouse match"]
[Site "fics, Oklahoma City, OK USA"]
[Date "2000.09.24"]
[White "Igy"]
[WhiteElo "2357"]
[Black "ACC"]
[BlackElo "2203"]
[TimeControl "60+0"]
[Result "1-0"]

1. e4 e6 2. Nc3 d5 3. exd5 exd5 4. Bb5+ P@c6 5. Be2 Nf6 6. d4 
Be7 7. Nf3 O-O 8. O-O Bg4 9. Ne5 Bxe2 10. Qxe2 B@b4 11. P@h6 gxh6 
12. Bxh6 Bxc3 13. bxc3 Re8 14. P@g7 Ne4 15. Nxf7 Kxf7 16. Qxe4 dxe4 17. N@e5+ 
Ke6 18. B@f7+ Kf5 19. B@e6+ Kf6 20. P@g5# 
{ACC checkmated} 1-0

[Event "fics rated crazyhouse match"]
[Site "fics, Oklahoma City, OK USA"]
[Date "2000.09.24"]
[White "TrumpetX"]
[WhiteElo "2166"]
[Black "LSS"]
[BlackElo "2395"]
[TimeControl "180+0"]
[Result "1-0"]

1. e4 e6 2. d4 d5 3. e5 c5 4. Nc3 Bd7 5. Be3 cxd4 6. Bxd4 
Nc6 7. Nf3 P@e4 8. P@b5 Nb4 9. Nd2 Ne7 10. a3 Nf5 11. axb4 Bxb4 
12. Nb3 O-O 13. N@h5 P@g6 14. Ng3 Nxd4 15. Qxd4 Bxc3+ 16. bxc3 B@b6 17. B@c5 
Bxc5 18. Nxc5 B@b6 19. B@f6 Qc7 20. N@e7+ Kh8 21. Nxd7 N@h5 22. Nxh5 Rg8 
23. B@h6 gxf6 24. Nxb6 B@f8 25. exf6 Bxh6 26. P@g7+ Rxg7 27. fxg7+ Bxg7 28. Qxg7# 
{LSS checkmated} 1-0

[Event "fics rated crazyhouse match"]
[Site "fics, Oklahoma City, OK USA"]
[Date "2000.09.24"]
[White "BEO"]
[WhiteElo "2195"]
[Black "Gobi"]
[BlackElo "2398"]
[TimeControl "180+0"]
[Result "1-0"]

1. e4 e5 2. Nf3 Nc6 3. Nc3 Bc5 4. d3 h6 5. Be2 Nf6 6. O-O 
O-O 7. Nd5 Ng4 8. c3 Re8 9. Ne1 Nxf2 10. Rxf2 Bxf2+ 11. Kxf2 d6 
12. Kg1 Be6 13. B@g3 P@f4 14. Nxf4 exf4 15. Bcxf4 d5 16. Bxc7 Qf6 17. N@h5 
Qg6 18. P@f5 Bxf5 19. exf5 Qxf5 20. B@g4 Qg5 21. Bcf4 Qg6 22. P@f5 Qh7 
23. P@e6 fxe6 24. fxe6 Rf8 25. P@f7+ Kh8 26. Bd6 P@e7 27. Bde5 P@f6 28. Bef4 
P@g6 29. Bxh6 Qxh6 30. Nf4 B@e3+ 31. P@f2 Bxf4 32. Bxf4 Qxf4 33. B@g3 Qh6 
34. Nf3 B@b6 35. d4 N@e4 36. Bd3 f5 37. Bh3 Qh5 38. Bxe4 dxe4 39. N@f4 
Qh6 40. Ne5 Nxe5 41. dxe5 e3 42. fxe3 Bxe3+ 43. P@f2 Bxf4 44. N@f6 gxf6 
45. Bxf4 Qxf4 46. exf6 Qxf2+ 47. Kxf2 N@e4+ 48. Ke2 B@f2 49. P@g7+ Kh7 50. gxf8=B 
Rxf8 51. Kf3 
{Gobi forfeits on time} 1-0

[Event "fics rated crazyhouse match"]
[Site "fics, Oklahoma City, OK USA"]
[Date "2000.09.24"]
[White "Gobi"]
[WhiteElo "2386"]
[Black "BEO"]
[BlackElo "2207"]
[TimeControl "180+0"]
[Result "0-1"]

1. e4 e6 2. Nf3 d5 3. Nc3 Nf6 4. e5 Ne4 5. d3 Nxc3 6. bxc3 
Nc6 7. Rb1 Be7 8. Be2 O-O 9. O-O f6 10. exf6 Bxf6 11. Qe1 P@e4 
12. d4 exf3 13. Bxf3 N@h4 14. Bg4 N@e4 15. P@d3 Nxc3 16. Qxc3 Bxd4 17. Qe1 
P@f5 18. Bh5 P@g6 19. Bd1 Qf6 20. P@g3 Nxg2 21. Kxg2 P@e4 22. N@b5 Bb6 
23. Ba3 Bd7 24. Kh1 f4 25. dxe4 dxe4 26. Qxe4 fxg3 27. hxg3 P@h3 28. Kh2 
Bxf2 29. Kxh3 e5+ 30. P@g4 P@h5 31. Qc4+ Kh8 32. Nxc7 Bxg4+ 33. Bxg4 hxg4+ 
34. Kh2 P@h4 35. N@e4 hxg3+ 36. Nxg3 Bxg3+ 37. Kxg3 P@h4+ 38. Kxg4 N@e3+ 39. Kh3 
B@g4+ 40. Qxg4 Nxg4 41. Rxf6 Q@h2+ 42. Kxg4 Qg3# 
{Gobi checkmated} 0-1

[Event "fics rated crazyhouse match"]
[Site "fics, Oklahoma City, OK USA"]
[Date "2000.09.24"]
[White "BEO"]
[WhiteElo "2219"]
[Black "Gobi"]
[BlackElo "2374"]
[TimeControl "180+0"]
[Result "0-1"]

1. e4 e5 2. Nf3 Nc6 3. Nc3 Bc5 4. d3 Nf6 5. Be2 O-O 6. O-O 
h6 7. Nd5 Re8 8. c3 d6 9. Nxf6+ Qxf6 10. N@d5 Qd8 11. Be3 Bxe3 
12. Nxe3 N@f4 13. B@g3 B@h5 14. Nd5 Nxe2+ 15. Qxe2 Bcg4 16. N@e3 Bxf3 17. gxf3 
B@h3 18. Rfe1 N@g5 19. B@h1 Be6 20. Nf5 Bxd5 21. exd5 Ne7 22. Nxe7+ Qxe7 
23. B@h4 Nh3+ 24. Kf1 Qd7 25. Qe4 Bg6 26. Qe2 N@f4 27. Bxf4 Nxf4 
{BEO resigns} 0-1